Map: Prion Terraces

Players

Elrufete

  • Race: Terran Terran
  • League: Gold

lesha - Winner!

  • Race: Terran Terran
  • League: Silver

VOD

Have the link to the VOD?

Description

Time

  • Played on: Jan. 1, 2016, 10:13 p.m.
  • Length: 8:07
Show
View Real Time Build Order
Export as new Build Order

Elrufete Terran 

Build Orders: Liberator Opening, Reaper Expand 

Get SALT Encoding   

  12  0:02  SCV  
  13  0:15  SCV  
  13  0:17  Supply Depot  
  14  0:27  SCV  
  15  0:39  SCV  
  15  0:42  Barracks  
  16  0:45  Refinery  
  16  0:52  SCV  
  17  1:08  SCV  
  18  1:20  SCV  
  19  1:30  Reaper  
  20  1:32  Orbital Command  
  20  1:44  Command Center  
  20  1:50  Supply Depot  
  20  1:58  SCV  
  21  2:14  Factory  
  21  2:30  Barracks Reactor  
  21  2:31  SCV  
  22  2:50  SCV  
  23  3:01  Barracks  
  23  3:02  SCV  
  23  3:04  Starport  
  24  3:07  Refinery  
  24  3:12  Orbital Command  
  23  3:23  SCV  
  23  3:24  Widow Mine, Marine x2  
  28  3:35  SCV  
  28  3:39  SCV  
  30  3:42  Medivac  
  30  3:43  Marine x2  
  30  3:45  Bunker  
  30  3:46  Supply Depot  
  34  3:50  Barracks Tech Lab  
  34  3:59  Liberator  
  34  4:00  Widow Mine  
  36  4:04  Supply Depot  
  36  4:08  SCV x2  
  38  4:11  Marine x2  
  38  4:13  Marine  
  43  4:32  SCV x2  
  43  4:36  Marine x3  
  48  4:55  Marauder  
  50  5:03  SCV x2, Marine  
  50  5:04  Marine  
  54  5:11  Command Center, Stimpack  
  54  5:13  Barracks  
  54  5:14  Barracks  
  54  5:15  Supply Depot  
  54  5:21  Supply Depot  
  50  5:56  SCV x2, Marine x2  
  47  5:57  Marauder  
  47  6:01  Starport Reactor  
  49  6:04  Barracks Reactor, Barracks Tech Lab  
  47  6:13  SCV x2  
  47  6:14  Marine  
  50  6:18  Engineering Bay  
  50  6:20  Marine x2  
  50  6:21  Factory Tech Lab  
  50  6:25  Marine  
  53  6:27  Bunker  
  53  6:30  Orbital Command  
  53  6:35  Marine  
  53  6:37  SCV x2  
  53  6:38  Marine  
  53  6:39  Marauder  
  59  6:41  Supply Depot  
  59  6:42  Siege Tank  
  59  6:44  Marine x2  
  59  6:46  Marine  
  65  6:48  Medivac x2  
  65  6:49  SCV  
  65  6:50  SCV  
  71  6:55  Supply Depot  
  46  7:13  Marine x5  
  28  7:44  Marine x4  
  28  7:45  Marauder, Marine  
  35  7:54  SCV  
Show
View Real Time Build Order
Export as new Build Order

lesha Terran - Winner!

Build Orders: Reaper Expand, MMM Bio 

Get SALT Encoding   

  12  0:01  SCV  
  13  0:13  SCV  
  14  0:18  Supply Depot  
  14  0:25  SCV  
  15  0:40  SCV  
  15  0:41  Barracks  
  16  0:50  Refinery  
  16  0:52  SCV  
  17  1:04  SCV  
  18  1:16  SCV  
  19  1:29  Orbital Command  
  19  1:34  Reaper  
  20  1:40  Command Center  
  20  1:53  Supply Depot  
  20  1:55  SCV  
  21  2:08  SCV, Refinery, Barracks  
  22  2:11  Barracks Reactor  
  22  2:29  Factory  
  22  2:43  SCV  
  23  2:49  Marine  
  23  2:50  Marine  
  25  2:53  Orbital Command  
  25  2:55  SCV  
  26  3:00  Barracks Reactor  
  26  3:01  Barracks  
  26  3:11  Marine x2  
  29  3:12  SCV  
  29  3:23  SCV  
  29  3:25  SCV  
  30  3:29  Marine x2  
  30  3:32  Factory Tech Lab  
  32  3:35  SCV, Starport  
  32  3:38  Marine x2  
  35  3:49  Marine x2  
  35  3:50  Barracks Tech Lab  
  35  3:55  SCV x2  
  39  4:01  Marine  
  39  4:02  Marine  
  41  4:10  Supply Depot  
  41  4:11  Supply Depot  
  41  4:14  SCV, Engineering Bay  
  41  4:15  SCV  
  43  4:33  Marine x3  
  43  4:35  Starport Reactor, Marauder  
  48  4:41  Barracks  
  48  4:42  SCV x2  
  50  4:48  Marine  
  51  4:53  Terran Infantry Weapons Level 1  
  51  4:54  SCV x2  
  51  4:55  Stimpack  
  53  5:10  SCV x2, Missile Turret, Marine x2  
  53  5:11  Marine x2  
  53  5:13  Medivac  
  61  5:18  Marine  
  62  5:24  Medivac  
  62  5:26  Supply Depot  
  64  5:28  Barracks Tech Lab, Marine  
  64  5:29  Supply Depot  
  64  5:34  Missile Turret  
  52  5:58  Missile Turret, Marine x4  
  52  5:59  Marine x2  
  52  6:01  Siege Tank  
  52  6:03  SCV x2  
  63  6:09  Combat Shields  
  63  6:15  SCV x2  
  63  6:16  Marine x2  
  67  6:19  Marine x3  
  67  6:20  Marine  
  67  6:21  Missile Turret  
  71  6:27  SCV x2  
  73  6:32  Barracks  
  73  6:34  Supply Depot  
  73  6:36  Supply Depot, Barracks  
  73  6:39  SCV x2  
  75  6:43  Refinery, Marine  
  75  6:44  Marine  
  75  6:45  Refinery  
  77  6:50  Marine  
  77  6:51  SCV, Marine x3  
  82  7:01  Marine  
  77  7:23  Marine x6  
  83  7:41  Marine x3  
Tags
 
Add a new tag
Caveats
  • Supply blocks, unpowered buildings, or Contaminate may cause inaccurate times.
  • Supply counts are checked every 10 seconds.